[Event "21st IPCA World Championship 2022"]
[Site "Ashdod"]
[Date "2022.05.10"]
[Round "3.1"]
[White "Yarmonov, Igor"]
[Black "Obodchuk, Andrei"]
[Result "0-1"]
[ECO "D00"]
[WhiteElo "2394"]
[BlackElo "2295"]
[Annotator "TA"]
[PlyCount "68"]
[EventDate "2022.05.09"]
[EventType "swiss"]
[EventCountry "ISR"]
[SourceTitle "playchess.com"]
[Source "ChessBase"]
[SourceQuality "1"]
[TimeControl "5400+30"]

1. d4 Nf6 2. Bf4 d5 3. c3 e6 4. e3 c5 5. Nd2 Nc6 6. Bd3 Be7 {[%emt 1:28:28] D00: 1 d4 d5: Unusual lines.} 7. h3 Bd6 8. Bxd6 Qxd6 {[%emt 0:00:00] The position is equal.} 9. Ngf3 O-O 10. O-O e5 {[%emt 0:00:00] [#] Threatens to win with ...e4.} 11. dxe5 Nxe5 12. Nxe5 Qxe5 13. Re1 {[%emt 0:03:16] [#]} Bf5 $146 ({Predecessor:} 13... Rd8 14. e4 Bxh3 15. gxh3 dxe4 16. Nxe4 c4 17. Nxf6+ Qxf6 18. Bxh7+ Kxh7 19. Qh5+ Kg8 {0-1 (39) Kaliksteyn,A (2391)-Guo,A (2422) New York 2021}) 14. Bxf5 Qxf5 15. Qb1 Qxb1 16. Raxb1 Rfd8 17. f3 Kf8 18. b4 d4 19. exd4 cxd4 20. c4 a5 21. a4 Nd7 22. bxa5 Rxa5 23. Rxb7 Rxa4 24. Rc7 Ra2 25. Ne4 d3 {[%emt 0:00:00] White must now prevent ...Rc2.} 26. Rd1 Ne5 27. f4 Ng6 28. g3 (28. Ng5 {with more complications.} Nh4 29. Rxf7+ Kg8 30. Rxg7+ Kxg7 31. Ne6+) 28... Ne7 (28... Re2 $5 29. Nc3 Rc2 $15) 29. Rd2 $2 {[%emt 0:05:11][%mdl 8192] [#]} (29. Nc5 $1 $11 {and White has nothing to worry.}) 29... Rxd2 $2 ({Black should play} 29... f5 $1 $19 30. Rxa2 fxe4) 30. Nxd2 $11 Nf5 31. Kf2 Re8 {[%emt 0:00:00] Hoping for ...Re2+.} 32. Rc5 $2 (32. Nb3 $1 $11) 32... Re2+ $19 33. Kg1 Nxg3 ({And not} 33... Rxd2 34. Rxf5 Rc2 35. Rd5 $11) (33... g6 $142 34. g4 Ne7) 34. Nf1 (34. Rg5) 34... d2 {[%emt 0:14:00] Weighted Error Value: White=0.57/Black=0.36} 0-1

[Event "21st IPCA World Championship 2022"]
[Site "Ashdod"]
[Date "2022.05.10"]
[Round "3.2"]
[White "Campos, Eugenio"]
[Black "Mikheev, Stanislav"]
[Result "0-1"]
[ECO "C02"]
[WhiteElo "2247"]
[BlackElo "2333"]
[Annotator "TA"]
[PlyCount "124"]
[EventDate "2022.05.09"]
[EventType "swiss"]
[EventCountry "ISR"]
[SourceTitle "playchess.com"]
[Source "ChessBase"]
[SourceQuality "1"]
[TimeControl "5400+30"]

1. e4 e6 2. d4 d5 3. e5 c5 4. c3 Nc6 5. Nf3 Qb6 6. a3 Nh6 7. b4 cxd4 8. cxd4 Nf5 9. Bb2 Bd7 10. g4 Nh6 11. h3 {[%emt 0:00:53] 11.h3 scores better than 11.Rg1.} Rc8 {[%emt 0:03:06] C02: French: Advance Variation.} 12. Nc3 Na5 13. Na4 Qc6 {[%emt 0:00:49] The position is equal.} 14. Rc1 Nc4 15. Bxc4 {[%emt 0:01:16] [#]} dxc4 $146 ({Predecessor:} 15... Qxa4 16. Qxa4 Bxa4 17. Bb5+ Bxb5 18. Rxc8+ Kd7 19. Rc3 Be7 20. Kd2 Bd8 21. Ra1 a5 {1-0 (44) Kolesar,R (1908)-Hurban,M (1746) Liptovsky Mikulas 2007}) 16. Nc3 Be7 ({Black should try} 16... Ng8 $1 $11) 17. O-O $36 {[%emt 0:02:01][%mdl 2048] White is more active.} O-O 18. d5 (18. b5 $5 Qb6 19. a4 $14) 18... exd5 19. Nd4 {[%emt 0:02:10][%mdl 64] [#] Deflection} ({Much worse is} 19. Qxd5 Rcd8 $11) 19... Qg6 ({Weaker is} 19... Qc7 20. Nxd5 Qd8 21. Qe2 $16) 20. Nxd5 {[%emt 0:00:51] Pair of Knights!} Rfe8 {[%emt 0:05:47][%cal Rh6g4] And now ...Nxg4! would win.} 21. Rc3 Qe4 (21... Bf8 $11) 22. Nxe7+ $16 Rxe7 23. Re1 Qg6 24. Qf3 b5 25. Rce3 Bxg4 26. hxg4 $18 Nxg4 27. Qf5 $2 Nxe3+ $11 {[%emt 0:00:27][%mdl 64] [#] Discovered Attack} 28. Qxg6 hxg6 29. Rxe3 a6 30. f4 Rd7 31. Kf2 $1 Rcd8 32. Re4 (32. e6 $1 $11 {keeps the balance.} fxe6 33. Re4) 32... f5 $17 33. exf6 (33. e6 $142) 33... gxf6 34. Ke3 $2 (34. Ne6 $17 {was called for.} Rd2+ 35. Ke1 Rd1+ 36. Kf2 R8d2+ 37. Re2) 34... Kf7 $19 35. f5 gxf5 36. Rh4 Kg6 {[%emt 0:01:15] Prevents Rh7.} 37. Kf3 (37. Bc1 {was necessary.}) 37... Rh7 38. Rxh7 Kxh7 39. Kf4 Kg6 40. Bc3 Rd5 41. Kf3 Re5 42. Ne2 Re8 43. Nf4+ Kf7 44. Nd5 $2 (44. Nh3) 44... Rd8 45. Nf4 Rd1 46. Ke2 Rh1 47. Ke3 Rh2 48. Bd2 Ke7 49. Nd5+ Kd6 50. Nf4 Kc6 51. Bc3 Ra2 52. Kd4 Rxa3 53. Nd5 Kd6 {[%emt 0:01:11] Prevents Ne7.} 54. Nxf6 (54. Nf4 $142) 54... f4 {[%emt 0:03:45] White must now prevent ...Ke6.} 55. Ne4+ Ke6 56. Nd2 Kf5 {[%emt 0:00:28] ...Ra2 is the strong threat.} 57. Nb1 Ra2 {[%emt 0:01:30] ( -> ...f3)} 58. Nd2 Rc2 {[%emt 0:00:38] Strongly threatening ...Ra2.} 59. Ne4 Re2 {[%emt 0:01:25] Black mates.} 60. Nd6+ Kg4 61. Kc5 f3 62. Bd4 f2 {[%emt 0:00:21] Never resign too early!  Weighted Error Value: White=0.59/Black=0.12 (very precise)} (62... c3 $142 63. Bxc3 f2 64. Bd4 f1=Q 65. Kc6 Qf3+ 66. Kd7 Qf8 67. Kc6 Re6 68. Bc5 Qc8+ 69. Kd5 Qd7 70. Kd4 Qc6 71. Kd3 Qd5+ 72. Bd4 Qxd6 73. Kc3 Re2 74. Be3 Qc6+ 75. Kd4 Kf5 76. Bg1 Qc4#) 0-1

[Event "21st IPCA World Championship 2022"]
[Site "Ashdod"]
[Date "2022.05.10"]
[Round "3.3"]
[White "Zilberman, Yaacov"]
[Black "Gerasimova, Svetlana"]
[Result "1-0"]
[ECO "A71"]
[WhiteElo "2315"]
[BlackElo "1906"]
[Annotator "TA"]
[PlyCount "77"]
[EventDate "2022.05.09"]
[EventType "swiss"]
[EventCountry "ISR"]
[SourceTitle "playchess.com"]
[Source "ChessBase"]
[SourceQuality "1"]
[TimeControl "5400+30"]

1. d4 Nf6 2. c4 c5 3. d5 e6 4. Nc3 exd5 5. cxd5 d6 6. Nf3 g6 7. e4 Bg7 8. Bg5 O-O 9. Nd2 b6 {[%emt 0:05:11] A71: Modern Benoni: 6 e4 g6 7 Nf3 Bg7 8 Bg5 without Be2.} 10. Be2 Na6 11. O-O Nc7 {[%emt 0:01:29] [#] White is better.} 12. f4 $146 ({Predecessor:} 12. a4 Qd7 13. Nc4 Ba6 14. b3 Rfe8 15. Qc2 Bxc4 16. bxc4 Na6 17. f3 Nh5 18. Rae1 Bd4+ 19. Kh1 f6 20. Bd2 g5 21. f4 Nxf4 22. Bxf4 gxf4 23. Rxf4 {0-1 (62) Sinkovics,P (2290)-Szalanczy,E (2400) Bad Orb 1989}) 12... Qd7 13. a4 Ba6 14. Bxa6 Nxa6 15. Nc4 Nb4 16. h3 (16. f5 $16) 16... Rab8 (16... Rae8 $14) 17. Qd2 $16 a6 18. Rae1 Rfe8 (18... Nh5 $16) 19. Kh2 b5 20. axb5 axb5 {[%emt 0:00:02] [#]} 21. Nxd6 Qxd6 22. e5 Qb6 {[%emt 0:02:43] aiming for ...Nd7.} 23. exf6 (23. Bxf6 $18 Bxf6 24. exf6) 23... Rxe1 24. Rxe1 Bxf6 {[%emt 0:00:15][%mdl 8192] This move loses the game for Black.} (24... Bf8 $16) 25. Ne4 Bxg5 (25... Bd4 26. d6 h6) 26. fxg5 $18 Rd8 27. Nf6+ Kh8 28. Qc3 {[%emt 0:01:27] Threatening mate with Ne8+.} Qd6+ 29. Kh1 Na2 30. Qf3 Qf8 31. Re4 h5 32. Rh4 Qg7 {[%emt 0:02:10] [#]} 33. Qe3 (33. Rxh5+ $142 $1 Qh6 34. Rxh6+ Kg7 35. Nh5+ $1 Kf8 36. Rh8+ Ke7 37. Qf6+ Kd7 38. Qxd8#) 33... Qf8 34. Re4 (34. Qe2 $142 Qd6 {[#]} 35. Rxh5+ $1 Kg7 36. Rh7+ Kf8 37. Ne8 $1 Kg8 38. Nxd6 Kxh7 39. Qe7) 34... Nb4 35. Re7 Nd3 36. Nd7 Nf2+ 37. Kg1 Nd1 38. Qe1 (38. Qe5+ $142 Qg7 39. Nf6 Qf8 40. Nxh5+ Kh7 41. Nf6+ Kh8 42. Re8 Rxe8 43. Nxe8+ f6 44. Nxf6) 38... Nxb2 39. Nxf8 {[%emt 0:09:06] Weighted Error Value: White=0.44/Black=1.38} 1-0

[Event "21st IPCA World Championship 2022"]
[Site "Ashdod"]
[Date "2022.05.10"]
[Round "3.4"]
[White "Gurbanov, Andrei"]
[Black "Srimskov, Elishar"]
[Result "1-0"]
[ECO "D36"]
[WhiteElo "2302"]
[BlackElo "1992"]
[Annotator "TA"]
[PlyCount "91"]
[EventDate "2022.05.09"]
[EventType "swiss"]
[EventCountry "ISR"]
[SourceTitle "playchess.com"]
[Source "ChessBase"]
[SourceQuality "1"]
[TimeControl "5400+30"]

1. d4 d5 2. c4 e6 3. Nc3 Nf6 4. Bg5 c6 5. e3 Nbd7 6. cxd5 exd5 7. Bd3 Be7 8. Qc2 h6 {[%emt 0:00:38] 8...Nh5 is setting a new trend.} 9. Bf4 b6 {[%emt 0:08:49] D36: Queen's Gambit Declined: Exchange Variation: Main line (5 Bg5 c6 6 Qc2).} (9... Nh5 $5 ) 10. Nf3 Bb7 11. h3 Rc8 {[%emt 0:08:15] White is slightly better.} 12. O-O O-O 13. Bf5 {[%emt 0:02:21] [#]} Ra8 $146 ({Predecessor:} 13... c5 14. Rac1 a6 15. Ne5 c4 16. Qd1 b5 17. Nxd7 Nxd7 18. Bxh6 Rc6 19. Bf4 g6 {1-0 (32) Chevannes,S (2176)-Klotz Burwell,H (2006) Santa Clara 2014}) 14. Rad1 Ne8 15. e4 {[%emt 0:02:51][%cal Be3e4,Be4e5][%mdl 32] 0x0.0026dc145811dp-1022s more active pieces. The black rooks are badly placed.} Nd6 16. Bxd6 Bxd6 17. e5 Bc7 18. Rfe1 Kh8 19. Qd2 Re8 20. a3 Nf8 21. b4 Bc8 22. Bb1 Be6 23. b5 (23. Rc1 $16) 23... cxb5 (23... c5 $14 {is more appropriate.}) 24. Nxb5 $16 a6 25. Nxc7 Qxc7 26. Re3 Qe7 27. Ne1 (27. Nh2 {with more complications.} Qg5 28. Rf1 Ng6 29. Nf3) 27... b5 (27... Qg5 $14) 28. f4 {[%emt 0:00:17] [#] aiming for f5.} f5 29. exf6 Qxf6 30. Nf3 Bf5 $1 (30... Qxf4 $2 31. Rf1 h5 32. Ne5 $18) 31. Ne5 Bxb1 32. Rxb1 Qf5 33. Rf1 Rec8 (33... Kg8 $14) 34. g4 (34. Qa2 $16) 34... Qc2 $1 $14 35. Qb4 Qa4 (35... Ng6 $2 36. Rf2 Qc1+ 37. Re1 Nxe5 38. Rxc1 Rxc1+ 39. Kh2 $18) 36. Qxa4 bxa4 37. f5 $36 {[%emt 0:00:13][%cal Bf4f5,Bf5f6][%mdl 2080] White has the initiative.} Rc7 38. f6 g6 $2 {[%emt 0:23:27] Loses the game.} ({Black should play} 38... Rb8 $14) 39. h4 $18 Kh7 (39... Kg8 {is a better defense.} 40. h5 g5) 40. g5 h5 {[%emt 0:00:00] Prevents Ng4.} (40... hxg5 41. hxg5 Kg8) 41. Nd3 Kg8 42. Nc5 Kf7 43. Rfe1 {[%emt 0:00:09] [#] Threatening mate with Re7+.} Raa7 44. Re8 Nh7 45. Rd8 Nf8 46. Ree8 {[%emt 0:00:19] Weighted Error Value: White=0.14 (very precise) /Black=0.50} 1-0

[Event "21st IPCA World Championship 2022"]
[Site "Ashdod"]
[Date "2022.05.10"]
[Round "3.5"]
[White "Lipilin, Ilia"]
[Black "Aleksandrova, Aleksandra"]
[Result "1-0"]
[ECO "D31"]
[WhiteElo "2198"]
[BlackElo "1687"]
[Annotator "TA"]
[PlyCount "63"]
[EventDate "2022.05.09"]
[EventType "swiss"]
[EventCountry "ISR"]
[SourceTitle "playchess.com"]
[Source "ChessBase"]
[SourceQuality "1"]
[TimeControl "5400+30"]

1. d4 d5 2. c4 e6 3. Nc3 c6 4. e4 dxe4 5. Nxe4 Nf6 6. Nxf6+ Qxf6 7. Nf3 Bb4+ 8. Bd2 Bxd2+ 9. Qxd2 O-O 10. Bd3 Nd7 11. O-O {[%emt 0:00:15] D31: Queen's Gambit Declined: Semi-Slav without ...Nf6 (+ Marshall Gambit and Noteboom) and Exchange Variation lines without ...Nf6.} (11. Ng5 $5 ) 11... e5 12. dxe5 Nxe5 13. Nxe5 {[%emt 0:00:10] The position is equal.} Qxe5 14. Rfe1 Qf6 15. Qb4 {[%emt 0:01:17][%cal Od3h7] [#] Bxh7+! is the strong threat.} Rd8 $146 ({Predecessor:} 15... b6 16. Bxh7+ Kxh7 17. Qxf8 Bb7 18. Qe7 {1-0 (18) Gallagher,D (2035)-Gostelow,D (2072) England 2015}) 16. Re3 a5 17. Qb6 (17. Rae1 $5 Be6 18. Qxb7 $11) 17... Be6 18. Qxb7 Rab8 19. Qxc6 Rxb2 20. Rf1 g6 21. a4 (21. Qa4 $11) 21... Rd2 22. Be2 Qb2 23. Bf3 {[%emt 0:04:25] [#]} (23. Rxe6 $11 fxe6 24. Qxe6+ Kh8 25. Bf3) 23... Rxf2 $1 $17 24. Rfe1 {[%emt 0:14:16] [#]} (24. Qb5 Rxf1+) 24... Rfd2 (24... Rc2 $1 $17 25. Rxe6 fxe6 26. Qxe6+ Kh8) 25. Qb5 Qd4 26. Qxa5 Rd3 27. Qe5 Rxe3 28. Qxe3 Qxc4 29. a5 Bd5 $2 {[%emt 0:02:11][%mdl 8192] [#]} (29... h6 $11 {and Black has nothing to worry.}) 30. Rd1 $1 $18 Qa2 $2 (30... Qb5 31. Qb6 Qxb6+ 32. axb6 Rb8 33. Bxd5 Rxb6) 31. Qd2 {[%emt 0:01:29] Threatening mate with Qxa2.} Ra8 32. Qxa2 {[%emt 0:00:15] Weighted Error Value: White=0.16 (very precise) /Black=0.61} 1-0

[Event "21st IPCA World Championship 2022"]
[Site "Ashdod"]
[Date "2022.05.10"]
[Round "3.6"]
[White "Alperovich, Asher"]
[Black "Valenta, Vit Vaclav"]
[Result "0-1"]
[ECO "E76"]
[WhiteElo "1865"]
[BlackElo "2014"]
[Annotator "TA"]
[PlyCount "60"]
[EventDate "2022.05.09"]
[EventType "swiss"]
[EventCountry "ISR"]
[SourceTitle "playchess.com"]
[Source "ChessBase"]
[SourceQuality "1"]
[TimeControl "5400+30"]

1. d4 c5 2. d5 d6 3. c4 Nf6 4. Nc3 g6 5. e4 Bg7 6. f4 O-O 7. Nf3 a6 8. a4 e5 {[%emt 0:00:00] was the old line (8...e6).} 9. fxe5 {[%emt 0:02:58] E76: King's Indian: Four Pawns Attack: Lines specific to 6 Nf3 move-order.} dxe5 (9... Ng4) 10. Bg5 (10. Nxe5 Re8 11. Nf3 (11. Bf4 Nxe4 12. Nxe4 Bxe5) 11... Nxe4 12. Nxe4 f5) ({Stronger than} 10. Nxe5 Re8 11. Nf3 (11. Bf4 $2 Nxe4 12. Nxe4 Bxe5 $19) 11... Nxe4 12. Nxe4 f5 $17) 10... h6 11. Bh4 {[%emt 1:27:27] [#] White is better.} Nbd7 $146 (11... Qd6 12. Bd3 Ne8 13. Qd2 f5 14. Bf2 Nd7 15. a5 b6 16. Nh4 f4 17. axb6 Rf7) ({Predecessor:} 11... Qd6 12. Bd3 Ne8 13. Qd2 f5 14. Bf2 Nd7 15. a5 b6 16. Nh4 f4 17. axb6 Rf7 {½-½ (50) Willsch,M-Bollow,T Bargteheide 1989}) 12. Bd3 Re8 13. O-O g5 14. Bg3 Nh5 15. Be1 Nf4 16. Bc2 (16. a5) 16... Nf6 17. Qd2 N6h5 (17... b6) (17... b6 $142) 18. Nd1 (18. a5) (18. a5 $16) 18... Bf6 (18... g4) (18... g4 $14) 19. h3 (19. Kh1) (19. Kh1 $142 $1) 19... Nxg2 20. Qxg2 $18 Nf4 21. Qh2 Bxh3 22. Ne3 g4 $2 {[%emt 0:00:00] [#]} (22... Bxf1 {is a better defense.} 23. Kxf1 h5) 23. Nf5 $2 gxf3 $15 24. Nxh6+ (24. Rxf3 $11 {was the only way to keep the balance.} Bxf5 25. exf5) 24... Kh7 $2 {[%emt 0:00:00] [#] The board is on fire. Black is much more active. The white rooks are badly placed.} ({Black should try} 24... Kg7 $1 $17 25. Rxf3 Rh8) 25. Rxf3 $1 $11 Kxh6 (25... Bh4 $2 26. Rxf4 Qg5+ 27. Ng4 $1 Qxf4 28. Qxh3 Qxg4+ 29. Qxg4 $18) 26. Rxh3+ Nxh3+ 27. Qxh3+ Kg7 {[%emt 0:00:00] Black wants to play ...Rh8.} 28. Qg4+ (28. Bf2 Rh8 29. Qg2+ Kf8 30. Bxc5+ Be7) (28. Qg3+ Kf8 29. Bf2) ({Much worse is} 28. Bf2 Rh8 29. Qg2+ Kf8 $17) (28. Qg3+ $11 {keeps the balance.} Kf8 29. b4) 28... Kf8 $17 29. Bd2 $2 {[%emt 0:00:00] [#]} (29. b4) (29. Bf2 $17 {keeps fighting.} Rc8 30. Qf5) 29... Ke7 $1 $19 {[%emt 0:00:00] ...Rg8 is the strong threat.} 30. d6+ $2 (30. Qf5) (30. Qf3) 30... Qxd6 {[%emt 0:00:00] Black used his chance.  Weighted Error Value: White=0.89/Black=0.39} 0-1

[Event "21st IPCA World Championship 2022"]
[Site "Ashdod"]
[Date "2022.05.10"]
[Round "3.7"]
[White "Cosic, Radoslav"]
[Black "Frumin, Rebeka"]
[Result "1-0"]
[ECO "A05"]
[WhiteElo "2003"]
[BlackElo "1319"]
[Annotator "TA"]
[PlyCount "54"]
[EventDate "2022.05.09"]
[EventType "swiss"]
[EventCountry "ISR"]
[SourceTitle "playchess.com"]
[Source "ChessBase"]
[SourceQuality "1"]
[TimeControl "5400+30"]

1. Nf3 Nf6 2. b3 g6 3. Bb2 Bg7 4. g3 b6 5. Bg2 Bb7 6. O-O {[%emt 0:00:03] A05: Réti Opening: 1 Nf3 Nf6.} O-O 7. d3 d5 {[%emt 0:01:42] 7...c5 is setting a new trend.} 8. c4 {[%emt 0:01:14] The position is equal.} c6 9. Qc2 c5 10. cxd5 Bxd5 11. Nc3 {[%emt 0:00:56] [#]} Nc6 $146 ({Better is} 11... Bb7 $11) ({Predecessor:} 11... Bb7 12. Rad1 Nc6 13. Qb1 Nd4 14. Nxd4 Bxg2 15. Ne6 Qc8 16. Kxg2 Qxe6 17. Qa1 Rfd8 {½-½ (61) Bianco,V (2151)-Halfhide,S (1916) Hastings 2014}) 12. Nxd5 $14 Nxd5 13. Bxg7 Kxg7 14. Qb2+ Nf6 15. Ne5 Nd4 {[%emt 0:02:05] [#] This move loses the game for Black.} 16. e3 $18 Ne6 17. Bxa8 Qxa8 18. f4 Kg8 19. Qg2 Qd8 20. Rad1 Nd5 $2 (20... Qb8 {is more resistant.} 21. g4 Qc7) 21. Rfe1 $2 (21. Nc6 Nxe3 22. Nxd8 Nxg2 23. Nxe6 (23. Kxg2 Rxd8 24. Rd2 Nd4 $11) 23... fxe6 24. Kxg2) 21... Ng7 $2 (21... Qd6 22. Rd2 Rd8) 22. Nc6 {[%emt 0:00:22][%csl LRa7,LRd8] White is clearly winning.} Qd7 {[%emt 0:01:05] [#]} 23. Qxd5 Qh3 (23... Qb7 24. d4) 24. Qg2 Qd7 25. Ne5 Qe6 26. g4 f5 27. g5 Nh5 {[%emt 0:00:41] Weighted Error Value: White=0.46/Black=0.97} 1-0

[Event "21st IPCA World Championship 2022"]
[Site "Ashdod"]
[Date "2022.05.10"]
[Round "3.8"]
[White "Babanov, Aleksandr"]
[Black "Vardi, Moshe"]
[Result "1-0"]
[ECO "C45"]
[WhiteElo "1929"]
[BlackElo "1631"]
[Annotator "TA"]
[PlyCount "80"]
[EventDate "2022.05.09"]
[EventType "swiss"]
[EventCountry "ISR"]
[SourceTitle "playchess.com"]
[Source "ChessBase"]
[SourceQuality "1"]
[TimeControl "5400+30"]

1. e4 e5 2. Nf3 Nc6 3. Nc3 Nf6 4. d4 exd4 5. Nxd4 Bc5 6. Nb3 (6. Be3 Bb4 7. Nxc6 Bxc3+ 8. bxc3 bxc6 9. f3) 6... Bb6 7. Qe2 {[%emt 0:00:00] C45: Scotch Game.} O-O (7... a5 $5 ) 8. Be3 Bxe3 (8... Re8) (8... d5 {is more complex.} 9. O-O-O d4 10. Bg5 Qd6) 9. Qxe3 {[%emt 0:00:00] The position is equal.} d6 10. O-O-O a5 11. a3 Re8 12. f3 {[%emt 0:00:00] [#]} Qe7 $146 ({Predecessor:} 12... Ne5 13. g4 c6 14. g5 Nh5 15. Kb1 Be6 16. Nd4 Qb6 17. Qd2 Bc4 18. Be2 Bxe2 19. Ncxe2 {1-0 (33) Howell,D (2644)-Neelotpal,D (2463) Doha 2016}) 13. Qd2 (13. g4) 13... a4 14. Nd4 Nxd4 $1 15. Qxd4 Bd7 16. Bc4 Ra5 17. Rhe1 Rb8 (17... Rh5 $14) 18. Nd5 Nxd5 19. Bxd5 (19. exd5 Qf8 20. Kb1) 19... b5 {[%emt 0:00:00] [#]} (19... Be6) (19... Be6 $11) 20. Qd2 {[%emt 0:00:00] White is more active.} (20. e5) (20. e5 $1 $16 {aiming for Qb4.} Qf8 21. exd6 cxd6 22. Re4) 20... Ra6 $14 21. e5 {[%emt 0:00:00] Black must now prevent exd6.} Rab6 ({Black should try} 21... Be6 $14) 22. Qf4 $2 (22. exd6 $18 Qxd6 {[#]} 23. Bxf7+ $1 Kxf7 24. Qg5) 22... dxe5 {[%emt 0:00:00] [#]} (22... Qf8 $1 $11) 23. Qxf7+ $1 {[%emt 0:00:00][%mdl 576] Decoy} Qxf7 24. Bxf7+ {[%emt 0:00:00][%mdl 64] Discovered Attack} Kxf7 25. Rxd7+ $11 {[%emt 0:00:00][%mdl 4096] Endgame KRR-KRR} Ke6 (25... Kf6 $16 {is a better defense.} 26. Rxc7 b4) 26. Rxg7 $18 b4 27. Rxh7 ({Don't take} 27. Rxc7 bxa3 28. bxa3 Rb1+ 29. Kd2 Rd8+ 30. Ke2 Rb2 $18) 27... bxa3 28. bxa3 Rb1+ 29. Kd2 Rd8+ 30. Ke2 Rxe1+ 31. Kxe1 {[%emt 0:14:00] KR-KR} c5 32. Rh6+ Kf5 33. Rc6 Rd5 34. Ke2 e4 35. g4+ Kf4 (35... Ke5 $18 36. h3 Kf4) 36. Rf6+ {[%emt 0:00:00] White mates.} Kg5 37. Rf5+ Rxf5 38. gxf5 Kxf5 39. fxe4+ Kxe4 40. Kd2 Kd5 {[%emt 0:05:00] Weighted Error Value: White=0.21 (precise) /Black=0.65} 1-0

[Event "21st IPCA World Championship 2022"]
[Site "Ashdod"]
[Date "2022.05.10"]
[Round "3.9"]
[White "Mekus, Manuela"]
[Black "Shapiro, Benny"]
[Result "1/2-1/2"]
[ECO "C00"]
[WhiteElo "1644"]
[BlackElo "1884"]
[Annotator "NA RC COMBH"]
[PlyCount "88"]
[EventDate "2022.05.09"]
[EventType "swiss"]
[EventCountry "ISR"]
[SourceTitle "playchess.com"]
[Source "ChessBase"]
[SourceQuality "1"]
[TimeControl "5400+30"]

1. e4 c5 2. d3 Nc6 3. Nf3 Nf6 4. g3 e6 5. Bg2 d5 6. Nbd2 Be7 7. O-O O-O $11 8. c3 d4 9. Nc4 Ne8 10. a4 (10. cxd4 $14 cxd4 11. Re1) 10... f6 11. e5 f5 $1 12. h4 Nc7 (12... h6 $1 $11) 13. Bg5 Nd5 14. Bxe7 Qxe7 15. Rc1 Bd7 16. Ng5 (16. Re1 $14 {is superior.}) 16... b6 17. f4 Rab8 18. Nd6 Ne3 19. Qh5 g6 20. Qf3 Na5 ({Weaker is} 20... Nxf1 21. Qxf1 dxc3 22. bxc3) (20... h6 $19 21. Nh3 Na5 22. cxd4 Nxf1 23. Rxf1 Nb3) 21. Rf2 {[%emt 0:02:08] [#]} (21. cxd4 $142 Nxf1 22. Qxf1) 21... Bxa4 ({Stronger than} 21... Bc6 22. Qe2 $17) (21... h6 $1 $19 {[%cal Rh6g5] is more deadly.} 22. Nh3 Bc6) 22. cxd4 cxd4 23. Bf1 $2 (23. h5 $1 $11 {and White stays safe.}) 23... Bb3 $2 (23... h6 $19 {is more deadly.} 24. Nh3 Bb3) 24. h5 {[%emt 0:00:45] [#]} Bd5 $1 25. Qe2 Ng4 $2 (25... Nb3 $17 {keeps the pressure on.} 26. Re1 Qg7) 26. hxg6 hxg6 {[%emt 0:00:43] [#]} 27. Rh2 $1 Nxh2 28. Qxh2 Qg7 {[%emt 0:00:46] [#]} (28... Nb3 $11 {remains equal.} 29. Rc2 Na1) 29. Bg2 (29. b4 $142 $1) 29... Bb3 {[%emt 0:01:44] [#]} 30. Kf2 $1 Qh8 31. Qxh8+ Kxh8 32. Rh1+ Kg8 33. Rh7 Rfc8 34. Nxc8 Rxc8 35. Rxa7 Rc2+ 36. Kg1 Rxb2 (36... Rd2 $14) 37. Ra8+ Kg7 38. Ra7+ Kf8 39. Rf7+ Ke8 $1 40. Rf6 Kd7 41. Rxg6 b5 42. Rg7+ Kc8 43. Re7 (43. Ra7 $14 Ra2 44. Ra8+ Kc7 45. Ra6) 43... Kd8 44. Ra7 Ra2 1/2-1/2

[Event "21st IPCA World Championship 2022"]
[Site "Ashdod"]
[Date "2022.05.10"]
[Round "3.10"]
[White "Pilimon, Zbigniew"]
[Black "Klein, Djimmy"]
[Result "1-0"]
[ECO "E87"]
[WhiteElo "1620"]
[BlackElo "1392"]
[Annotator "NA RC COMBH"]
[PlyCount "99"]
[EventDate "2022.05.09"]
[EventType "swiss"]
[EventCountry "ISR"]
[SourceTitle "playchess.com"]
[Source "ChessBase"]
[SourceQuality "1"]
[TimeControl "5400+30"]

1. d4 Nf6 2. c4 g6 3. Nc3 Bg7 4. e4 d6 5. f3 O-O 6. Be3 e5 7. d5 Nbd7 8. Bd3 Ne8 9. Qd2 f5 10. exf5 gxf5 11. Bg5 Ndf6 12. Bh6 Rf7 13. Bxg7 Rxg7 14. O-O-O c6 15. Nh3 Bd7 16. Rhg1 a5 17. Nf2 a4 18. Bc2 c5 19. h3 Rg3 20. Ne2 Rg7 21. g4 f4 22. Nc3 a3 23. b3 Nc7 24. g5 Nh5 25. Nce4 Ne8 26. Bd3 Kh8 27. Ng4 Bf5 28. h4 Bxe4 29. Bxe4 Ng3 30. Bd3 Rg8 31. Rg2 b6 32. g6 Ra7 33. h5 Ng7 34. Nh6 Rf8 35. Nf7+ Rfxf7 36. gxf7 Rxf7 37. h6 N7f5 38. Bxf5 Rxf5 39. Rh2 Qf6 40. Qc3 Rh5 41. Rhd2 Rxh6 42. b4 Rh3 43. bxc5 bxc5 44. Qxa3 Nf5 45. Rb2 Ne3 46. Qa7 Rg3 47. Rh1 h6 48. Rb8+ Rg8 49. Rg1 Rf8 50. Qa8 1-0

[Event "21st IPCA World Championship 2022"]
[Site "Ashdod"]
[Date "2022.05.10"]
[Round "3.11"]
[White "Volodarsky, Michael"]
[Black "Oliel, Yehonatan"]
[Result "0-1"]
[ECO "E95"]
[WhiteElo "1400"]
[BlackElo "1535"]
[Annotator "NA RC COMBH"]
[PlyCount "76"]
[EventDate "2022.05.09"]
[EventType "swiss"]
[EventCountry "ISR"]
[SourceTitle "playchess.com"]
[Source "ChessBase"]
[SourceQuality "1"]
[TimeControl "5400+30"]

1. d4 Nf6 2. c4 g6 3. Nc3 Bg7 4. e4 d6 5. Nf3 O-O 6. Be2 Nbd7 7. O-O Re8 8. Re1 e5 9. d5 c6 10. dxc6 Nc5 11. Qc2 bxc6 12. b4 Ne6 13. Qd3 Qc7 14. Be3 Bb7 15. h3 Rad8 16. Bxa7 c5 17. Nb5 Qc6 18. Nd2 Ba6 19. bxc5 dxc5 20. Qe3 Qb7 21. Bxc5 Nxc5 22. Qxc5 Rxd2 23. Nd6 Qe7 24. Rad1 Rxa2 25. Qb6 Ra8 26. Qb3 Ra5 27. Qb6 Ra2 28. Qb3 Rxe2 29. Rxe2 Ne8 30. Red2 Nc7 31. Nxf7 Qxf7 32. Rd7 Bxc4 33. Qb7 Qf6 34. Rxc7 Ra2 35. f3 Be6 36. Qb8+ Bf8 37. Rc6 Qg5 38. g4 Qe3+ 0-1